 Dungeon Crawl Stone Soup version 0.29-a0-997-gf6f7e2dfe7 (webtiles) character file.

Game seed: 16416890744156476844

182 FizzleBangTC the Digger (level 6, -3/45 HPs)
             Began as a Meteoran Earth Elementalist on Aug 4, 2022.
             Slain by a killer bee (5 damage)
             ... on level 8 of the Dungeon.
             The game lasted 00:31:35 (731 turns).

FizzleBangTC the Digger (MeEE)                       Turns: 731, Time: 00:31:36

Health: -3/45      AC:  6    Str: 10    XL:     6   Next: 16%
Magic:  8/11       EV: 11    Int: 19    God:
Gold:   126        SH:  3    Dex: 14    Spells: 3/10 levels left

rFire   . . .      SeeInvis .   a - +4 whip
rCold   . . .      Faith    .   g - +0 buckler
rNeg    . . .      Spirit   .   h - +0 leather armour
rPois   .          Reflect  .   (no helmet)
rElec   .          Harm     .   (no cloak)
rCorr   .          Rampage  .   d - +2 pair of gloves
Will    .....                   (no boots)
Stlth   +.........              (no amulet)
HPRegen 0.15/turn               (no ring)
MPRegen 0.12/turn               (no ring)

@: lethally poisoned (-3 -> -7), glowing, invisible (but backlit and visible)
A: sense surroundings 1, otherworldly, glowing, explore regen
a: no special abilities


You were on level 8 of the Dungeon.
You visited 1 branch of the dungeon, and saw 6 of its levels.

You collected 126 gold pieces.

Inventory:

Hand Weapons
 a - a +4 whip (weapon)
 p - a +0 short sword
 r - a +1 spear of distortion
Missiles
 q - 2 poisoned darts
Armour
 d - a +2 pair of gloves (worn)
 f - a +0 robe
 g - a +0 buckler (worn)
 h - a +0 leather armour (worn)
Scrolls
 l - a scroll of enchant armour
Potions
 b - a potion of magic
 c - a potion of flight
 e - a potion of invisibility
 i - 2 potions of curing
 j - a potion of brilliance


   Skills:
 - Level 2.4 Dodging
 - Level 1.4 Stealth
 + Level 0.1 Shields
 - Level 2.6 Spellcasting
 + Level 0.1 Conjurations
 - Level 2.0 Translocations
 - Level 1.2 Transmutations
 - Level 7.0 Earth Magic


You had 3 spell levels left.
You knew the following spells:

 Your Spells              Type           Power      Damage    Failure   Level
a - Sandblast             Erth           58%        2d13      1%          1
b - Apportation           Tloc           20%        N/A       13%         1
c - Stone Arrow           Conj/Erth      32%        3d9       21%         3
z - Passwall              Tmut/Erth      15%        N/A       9%          2

Your spell library contained the following spells:

 Spells                   Type           Power      Damage    Failure   Level
 Foxfire                  Conj/Fire      8%         2x1d4     28%         1
 Ignite Poison            Fire/Tmut/Pois 4%         N/A       58%         3
 Conjure Flame            Conj/Fire      2%         6-21      65%         3
 Inner Flame              Hex/Fire       2%         N/A       65%         3
 Mephitic Cloud           Conj/Pois/Air  2%         N/A       65%         3
 Petrify                  Tmut/Erth      18%        N/A       47%         4
 Flame Wave               Conj/Fire      2%         2d4       96%         4
 Alistair's Intoxication  Tmut/Pois      2%         N/A       99%         5
 Freezing Cloud           Conj/Ice/Air   1%         6-21      100%        5


Dungeon Overview and Level Annotations

Branches:
Dungeon (5/15) Zot: 2800
 Temple: D:4-7

Altars:

Shops:
D:3 [

Annotations:
D:2 Sigmund
D:3 Robin


Innate Abilities, Weirdness & Mutations

You passively map a small area around you.
You are easily found by Zot.
You glow in the dark.
You regain HP and MP as you explore.


Message History

It is a scroll of enchant weapon.
Your +3 whip glows red for a moment.
You hear a shout!
A bullfrog comes into view.
A killer bee comes into view.
The killer bee stings you.
You are poisoned.
The killer bee poisons you! The killer bee barely misses you.
You hear a bark!
You hear a howl!
As you read the scroll labelled SIUMIU DAWNAIQ, it crumbles to dust.
Magic quickly surges around you.
It was a scroll of vulnerability.
You feel very sick.
The killer bee stings you but does no damage. x2
The killer bee stings you.
You are more poisoned.
The killer bee poisons you! The killer bee stings you.
You are more poisoned.
The killer bee poisons you!
Okay, then.
Okay, then.
It was a potion of curing.
You feel better. The killer bee closely misses you.
The killer bee stings you but does no damage.
The killer bee closely misses you. The killer bee stings you!
You are poisoned.
The killer bee poisons you!
Okay, then.
Okay, then.
Unknown command.
Okay, then.
Unknown command.
Unknown command.
Press: ? - help, . - travel You can't see that place.
Unknown command.
Okay, then.
Okay, then.
Unknown command.
Unknown command.
Press: ? - help, v - describe, . - travel
Here: a killer bee (lightly wounded, weak-willed)
The floor.
It was a potion of cancellation.
Your magical effects are unravelling.
You feel magically purged.
You feel your willpower return.
You feel sick. The killer bee stings you. You block the killer bee's attack.
The killer bee stings you!
The killer bee stings you but does no damage.
It was a potion of heal wounds.
You feel much better.
You feel sick.
A bullfrog comes into view.
The killer bee stings you but does no damage.
The killer bee stings you! The killer bee closely misses you.
An orc comes into view. It is wielding a +0 mace.
The killer bee barely misses you.
It was a potion of invisibility.
You become transparent, but the glow from your body prevents you from becoming completely invisible.
You feel sick. The killer bee barely misses you. The killer bee misses you.
You block the killer bee's attack. x2
Okay, then.
Unknown command.
Unknown command.
Casting: Sandblast (safe; 1% risk of failure)
Confirm with . or Enter, or press ? or * to list all spells.
Aiming: Passwall (safe; 9% risk of failure)
Press: ? - help, Dir - move target, p - killer bee A rock wall.
This rock feels extremely deep.
The bullfrog croaks.
You feel sick. The killer bee stings you. The killer bee closely misses you.
The killer bee barely misses you. The orc hits you with a +0 war axe.
The killer bee stings you but does no damage.
Unknown command.
Unknown command.
Unknown command.
Unknown command.
Unknown command.
Unknown command.
The killer bee attacks as you move away!
The killer bee stings you but does no damage.
The orc attacks as you move away! The orc closely misses you.
You feel sick. You block the killer bee's attack.
You feel sick.
Casting: Passwall (safe; 9% risk of failure)
Confirm with . or Enter, or press ? or * to list all spells.
Aiming: Passwall (safe; 9% risk of failure)
Press: ? - help, Dir - move target A rock wall.
You feel sick.
The killer bee stings you but does no damage.
The killer bee stings you.
* * * LOW HITPOINT WARNING * * *
The killer bee stings you.
* * * LOW HITPOINT WARNING * * *
You are lethally poisoned!
The killer bee poisons you!
You begin to meditate on the wall.
You continue meditating on the rock.
* * * LOW HITPOINT WARNING * * *
You feel sick. The bullfrog misses you.
The killer bee stings you but does no damage.
The killer bee closely misses you. The killer bee stings you.
You die...

* #,, #..## * , * #.
#...####### * #.,
#......)..##### #..
#..............
.###..##o.............
......o....#####......,,
, .#####Fo#.# #..... , *
#.y#F######.###. , ,*
#yy@....... # ,
#.y######## * , *
#...,,, , , ...### * * *
* ##### **


You could see 2 bullfrogs, 4 killer bees and 3 orcs.

Vanquished Creatures
  A scorpion (D:3)
  An iguana (D:4)
  6 adders
  An orc (D:3)
  2 endoplasms
  A giant cockroach (D:2)
  14 goblins
  5 hobgoblins
  3 jackals (D:3)
  2 quokkas
  2 ball pythons
  A frilled lizard (D:1)
  4 kobolds
  A rat (D:2)
44 creatures vanquished.

Notes
Turn   | Place    | Note
-------+----------+-------------------------------------------
     0 | D:1      | FizzleBangTC the Meteoran Earth Elementalist began the
                  | quest for the Orb.
     0 | D:1      | Reached XP level 1. HP: 14/14 MP: 5/5
    62 | D:1      | Reached skill level 4 in Earth Magic
    82 | D:1      | Learned a level 1 spell: Apportation
   106 | D:2      | Reached XP level 2. HP: 20/20 MP: 3/6
   112 | D:2      | Learned a level 2 spell: Passwall
   150 | D:2      | Reached skill level 1 in Translocations
   173 | D:2      | Reached XP level 3. HP: 26/26 MP: 5/8
   193 | D:2      | Noticed Sigmund
   271 | D:3      | Learned a level 3 spell: Stone Arrow
   298 | D:3      | Reached XP level 4. HP: 30/33 MP: 4/9
   301 | D:3      | Reached skill level 5 in Earth Magic
   314 | D:3      | Noticed Robin
   487 | D:3      | Noticed a scorpion
   493 | D:3      | Killed a scorpion
   494 | D:3      | Reached skill level 6 in Earth Magic
   494 | D:3      | Reached XP level 5. HP: 31/38 MP: 6/10
   509 | D:3      | Found Maikir's Antique Armour Emporium.
   677 | D:4      | Reached skill level 7 in Earth Magic
   677 | D:4      | Reached XP level 6. HP: 18/45 MP: 5/11
   708 | D:5      | Entered Level 5 of the Dungeon
   708 | D:5      | You fall into a shaft and drop 3 floors!
   730 | D:8      | HP: 4/45 [killer bee (6)]
   731 | D:8      | Slain by a killer bee

Illustrated notes

Levels and vault maps discovered:
D:1:      tarquinn_simple_flora_water_a, layout_loops_cross,
          kennysheep_minor_cross, minmay_misc_feat_tower
D:2:      layout_basic, kennysheep_cross_bottleneck, uniq_sigmund
D:3:      kennysheep_goblin_castle, layout_basic, serial_shops, shop
D:4:      layout_loops_corners, minmay_bent
D:5:      layout_loops_ring, serial_shops,
          nicolae_shop_competitors_out_of_business, uniq_ijyb
D:8:      layout_loops_ring, erik_lair_island, serial_shops,
          nicolae_shop_bloodbath_and_beyond, uniq_erica, uniq_grum

Skill      XL: |  1  2  3  4  5 |
---------------+----------------+-----
Earth Magic    | 4 6 7 |  7.0
Translocations | 1 2 |  2.0
Dodging        | |  2.4
Stealth        | |  1.4
Shields        | |  0.1
Spellcasting   | |  2.6
Conjurations   | |  0.1
Transmutations | |  1.2

Action                   |  1- 3 |  4- 6 || total
-------------------------+-------+-------++-------
Melee: Short sword       |     1 |       ||     1
       Unarmed           |     1 |       ||     1
       Whip              |       |     8 ||     8
Throw: Dart              |       |     2 ||     2
 Cast: Sandblast         |    30 |    38 ||    68
       Apportation       |     7 |    12 ||    19
       Passwall          |     2 |     9 ||    11
  Use: Scroll            |     2 |     6 ||     8
       Potion            |       |     4 ||     4
Armor: Robe              |     2 |       ||     2
       Leather armour    |     2 |    28 ||    30
Dodge: Dodged            |    14 |    41 ||    55
Block: Buckler           |       |     6 ||     6

Table legend: (Time is in decaauts)
 A = Elapsed time spent in this place.
 B = Non-inter-level travel time spent in this place.
 C = Inter-level travel time spent in this place.
 D = Time resting spent in this place.
 E = Time spent auto-exploring this place.
 F = Levels seen in this place.
 G = Mean time per level.
                   A        B        C        D        E       F      G
               +--------+--------+--------+--------+--------+-----+--------+
         Total |    798 |    798 |      0 |      0 |      0 |   6 |  133.0 |
       Dungeon |    798 |    798 |      0 |      0 |      0 |   6 |  133.0 |
               +--------+--------+--------+--------+--------+-----+--------+

Top non-repeatable levels by time:
     D:3: 351 daAuts
     D:2: 196 daAuts
     D:4: 127 daAuts
     D:1: 100 daAuts
     D:8: 23 daAuts

Table legend:
 A = Kills in this place as a percentage of kills in entire the game.
 B = Kills by you in this place as a percentage of kills by you in the entire game.
 C = Kills by friends in this place as a percentage of kills by friends in the entire game.
 D = Other kills in this place as a percentage of other kills in the entire game.
 E = Experience gained in this place as a percentage of experience gained in the entire game.
 F = Experience gained in this place divided by the number of levels of this place that you have seen.
                   A       B       C       D       E      F
               +-------+-------+-------+-------+-------+----------------------
         Total | 100.0 | 100.0 |   N/A |   N/A | 100.0 |  43.5
       Dungeon | 100.0 | 100.0 |   N/A |   N/A | 100.0 |  43.5
               +-------+-------+-------+-------+-------+----------------------
